 Dungeon Crawl Stone Soup version 0.32-a0-711-g016ad743e0 (webtiles) character file.

Game seed: 14358057138057264804

46 Griffin23 the Shield-Bearer (level 3, -1/33 HPs)
             Began as a Minotaur Fighter on Mar 16, 2024.
             Was a Follower of Okawaru.
             Killed by nerve-wracking pain
             ... invoked by Jessica
              (13 damage)
             ... on level 2 of the Dungeon.
             The game lasted 00:01:26 (1183 turns).

Griffin23 the Shield-Bearer (Minotaur Fighter)      Turns: 1183, Time: 00:01:26

Health: -1/33      AC:  7    Str: 22    XL:     3   Next: 46%
Magic:  2/2        EV:  8    Int:  5    God:    Okawaru [*.....]
Gold:   68         SH:  4    Dex:  9    Spells: 2/2 levels left

rFire   . . .        a - +0 long sword
rCold   . . .        c - +0 buckler
rNeg    . . .        b - +0 scale mail
rPois   .            (helmet restricted)
rElec   .            (no cloak)
rCorr   .            (no gloves)
SInv    .            (no boots)
Will    .....        (no amulet) Stlth
                     (no ring)
HPRegen 0.25/turn    (no ring)
MPRegen 0.08/turn

%: no passive effects
@: no status effects
A: horns 2, retaliatory headbutt
a: Renounce Religion, Heroism


You were on level 2 of the Dungeon.
You worshipped Okawaru.
Okawaru was aware of your devotion.
You visited 1 branch of the dungeon, and saw 2 of its levels.

You collected 68 gold pieces.

Inventory:

Hand Weapons
 a - a +0 long sword (weapon)
Armour
 b - a +0 scale mail (worn)
 c - a +0 buckler (worn)
Jewellery
 i - a ring of resist corrosion
Scrolls
 e - a scroll of identify {unknown}
 f - 2 scrolls of teleportation {unknown}
Potions
 d - a potion of might
 g - a potion of ambrosia {unknown}
 h - a potion of attraction {unknown}


   Skills:
 + Level 4.1 Fighting
 * Level 3.2 Long Blades
 + Level 4.1 Armour
 + Level 4.2 Shields


You had 2 spell levels left.
You didn't know any spells.
Your spell library was empty.

Dungeon Overview and Level Annotations

Branches:
Dungeon (2/15)

Altars:
Okawaru

Annotations:
D:2 Jessica


Innate Abilities, Weirdness & Mutations

You have a pair of horns on your head.
You reflexively headbutt those who attack you in melee.


Message History

A goblin comes into view. It is wielding a +0 dagger.
You see here a ball python corpse.
There are monsters nearby!
You barely miss Jessica.
The goblin shouts!
Your headbutt misses Jessica. Jessica closely misses you.
You block the hobgoblin's attack. The hobgoblin misses you.
A hobgoblin comes into view.
You block Jessica's attack.
You completely miss Jessica.
The hobgoblin shouts!
You headbutt Jessica.
Jessica is heavily wounded.
Jessica hits you but does no damage.
The hobgoblin hits you but does no damage.
You hit Jessica but do no damage.
Jessica is heavily wounded.
The hobgoblin barely misses you. Jessica hits you with a +0 club.
You closely miss Jessica.
Jessica is heavily wounded.
The hobgoblin closely misses you. You furiously retaliate!
You headbutt the hobgoblin!
You kill the hobgoblin!
Okawaru accepts your kill. Jessica casts a spell at you.
Pain shoots through your body!
You hit Jessica but do no damage. Your headbutt misses Jessica.
Jessica is heavily wounded.
The ball python barely misses you. The ball python grabs you.
The ball python constricts you. Jessica hits you with a +0 club!
The ball python bites you but does no damage.
The ball python constricts you. Jessica hits you but does no damage.
You are too injured to fight recklessly!
You escape the ball python's grasp.
You see here a scroll labelled OPHEIGO BETH.
Jessica gestures wildly while chanting.
Jessica blinks!
Jessica gestures at you while chanting. Pain shoots through your body!
You die...

#.# .[#...................
#..... .#.###.#.###.###...
#...#. #.# #.#.###.###.##
#..... #.# #.#.........#
##.#...###.###.#.....#####
......S§.........##..#
#####.##g..#####.##..#
#.##..@..........#
#.....@#####.##.##
#..###.# #.##.# #### .....
#.. #....# ##... ##.# #..#
###..###...# #.
...######..##..... #
>.................
.#.######..##.<... ..
.######.<###...#
^........# ##.##


You could see Jessica, a hobgoblin and a ball python.

Vanquished Creatures
  A gnoll (D:1)
  A dart slug (D:2)
  A ball python (D:2)
  3 bats (D:1)
  3 endoplasms (D:1)
  A giant cockroach (D:1)
  2 goblins (D:1)
  3 hobgoblins
  6 jackals (D:1)
  A quokka (D:1)
  2 frilled lizards (D:1)
  2 kobolds (D:1)
  5 rats
31 creatures vanquished.

Notes
Turn   | Place    | Note
-------+----------+-------------------------------------------
     0 | D:1      | Griffin23 the Minotaur Fighter began the quest for the Orb.
     0 | D:1      | Reached XP level 1. HP: 19/19 MP: 0/0
    13 | D:1      | Noticed a minotaur skeleton
    17 | D:1      | Noticed a minotaur skeleton
    89 | D:1      | Reached XP level 2. HP: 27/27 MP: 1/1
   525 | D:1      | Reached XP level 3. HP: 32/33 MP: 2/2
   602 | D:1      | Found a faded altar of an unknown god.
   658 | D:1      | Prayed at the altar of an unknown god.
   658 | D:1      | Became a worshipper of Warmaster Okawaru
   658 | D:1      | Reached * piety under Okawaru
  1172 | D:2      | Noticed Jessica
  1183 | D:2      | Killed from afar by Jessica

Illustrated notes

Levels and vault maps discovered:
D:1:      shiori_arrival_whats_in_store_for_you, layout_loops_corners,
          chequers_ecumenical_altar_simple_redux
D:2:      layout_loops_ring, minmay_vboxes, uniq_jessica

Skill      XL: |  1  2 |
---------------+-------+-----
Fighting       | 4 |  4.1
Armour         | 4 |  4.1
Long Blades    | 3 |  3.2
Shields        | 4 |  4.2

Action                     || total
---------------------------++-------
  Melee: Long sword        ||    81
         Headbutt          ||    10
 Armour: Scale mail        ||    66
  Dodge: Dodged            ||    37
  Block: Buckler           ||    18

Table legend: (Time is in decaauts)
 A = Elapsed time spent in this place.
 B = Non-inter-level travel time spent in this place.
 C = Inter-level travel time spent in this place.
 D = Time resting spent in this place.
 E = Time spent auto-exploring this place.
 F = Levels seen in this place.
 G = Mean time per level.
                   A        B        C        D        E       F      G
               +--------+--------+--------+--------+--------+-----+--------+
         Total |   1205 |   1180 |     25 |      0 |    988 |   2 |  602.5 |
       Dungeon |   1205 |   1180 |     25 |      0 |    988 |   2 |  602.5 |
               +--------+--------+--------+--------+--------+-----+--------+

Top non-repeatable levels by time:
     D:1: 1036 daAuts
     D:2: 168 daAuts
